 Dungeon Crawl Stone Soup version bcrawl-1.17.3 (webtiles) character file.

Game seed: 9363077491822913102

259 Morbidden the Magician (level 6, -5/37 HPs)
             Began as an Avariel Reaver on Oct 30, 2019.
             Was a Believer of Vehumet.
             Slain by an ogre
             ... wielding a +0 giant club
              (29 damage)
             ... on level 4 of the Dungeon.
             The game lasted 00:07:56 (3324 turns).

Morbidden the Magician (Avariel Reaver)             Turns: 3324, Time: 00:07:57

Health: -5/37      AC:  8    Str: 11    XL:     6   Next: 17%
Magic:  12/14      EV: 13    Int: 20    God:    Vehumet [**....]
Gold:   329        SH:  1    Dex: 11    Spells: 12/14 levels left

rFire    . . .     SeeInvis .   a - +0 long sword
rCold    . . .     Gourm    .   (no shield)
rNeg     . . .     Faith    .   b - +0 steam dragon scales
rPois    .         Spirit   .   (no helmet)
rElec    .         Reflect  .   (no cloak)
rCorr    .         Harm     .   k - +1 pair of gloves
MR       .....                  o - +0 pair of boots
Stlth    +.........             (no amulet)
HPRegen  0.12/turn              (no ring)
MPRegen  0.14/turn              (no ring)

@: no status effects
A: no striking features
a: Renounce Religion


You were on level 4 of the Dungeon.
You worshipped Vehumet.
Vehumet was pleased with you.
You were not hungry.

You visited 1 branch of the dungeon, and saw 4 of its levels.

You collected 329 gold pieces.

Inventory:

Hand Weapons
 a - a +0 long sword (weapon)
Armour
 b - +0 steam dragon scales (worn)
 e - a +0 chain mail
 i - a +0 scale mail
 k - a +1 pair of gloves (worn)
 o - a +0 pair of boots (worn)
 w - a +0 shield
Wands
 m - a wand of clouds (6)
Scrolls
 d - 2 scrolls of immolation
 g - a scroll of fog {unknown}
 h - 2 scrolls of teleportation {unknown}
 j - 2 scrolls of remove curse {unknown}
 p - a scroll of identify {unknown}
 q - 2 scrolls of magic mapping {unknown}
 s - a scroll of enchant weapon {unknown}
 t - a scroll of enchant armour {unknown}
 u - a scroll of noise {unknown}
Potions
 c - a potion of haste
 l - 3 potions of curing
 n - 2 potions of lignification {unknown}
 r - a potion of agility {unknown}
Comestibles
 f - 9 rations {!d}
 v - a chunk of flesh


   Skills:
 * Level 3.5 Fighting
 + Level 4.2 Long Blades
 + Level 3.8 Dodging
 - Level 0.3 Stealth
 + Level 4.5 Spellcasting
 + Level 1.4 Conjurations
 + Level 2.5 Ice Magic


You had 12 spell levels left.
You knew the following spells:

 Your Spells              Type           Power        Failure   Level  Hunger
a - Freeze                Ice            ##....       4%          1    None
b - Magic Dart            Conj           ##..         7%          1    None

Your spell library contained the following spells:

 Spells                   Type           Power        Failure   Level  Hunger
 Iskenderun's Battlesphe  Conj/Chrm      #.......     95%         5    ######.


Dungeon Overview and Level Annotations

Branches:
Dungeon (4/12)
 Temple: D:4-7

Altars:
Ru
Sif Muna


Message History

Unknown command.
Casting: Freeze (safe; 4% risk of failure)
Confirm with . or Enter, or press ? or * to list all spells.
Aiming: Freeze (safe; 4% risk of failure)
Press: ? - help, Shift-Dir - straight line, f - ogre
Aim: an ogre, wielding a +0 giant club You freeze the ogre.
The ogre is lightly wounded.
The ogre hits you with a +0 giant club!
Unknown command.
Casting: Freeze (safe; 4% risk of failure)
Confirm with . or Enter, or press ? or * to list all spells.
Aiming: Freeze (safe; 4% risk of failure)
Press: ? - help, Shift-Dir - straight line, f/p - ogre
Aim: an ogre, wielding a +0 giant club (lightly wounded)
You freeze the ogre!
The ogre is heavily wounded.
The ogre hits you with a +0 giant club!!
Ouch! That really hurt!
You die...

#.###### ##.####
##......# #.....#
##.).###.###..##.#
#.PP..##.#.......#
..P♣♣...#......#.#
.♣♣♣.P.#.#.#.).#.####.#
.P♣♣..####.#...........
....PP# #.#...O.####
......# #.##.##@#
.♣P...# #.......#
♣♣♣...# ###...###
♣PP...# #...# ......#
#...# P....## #...#
...### ## #.. ....##...
.. .........


You could see an ogre.

Vanquished Creatures
  An orc priest (D:4)
  Ijyb (D:3)
  An orc wizard (D:4)
  A worker ant (D:3)
  5 adders
  An ooze (D:2)
  5 worms
  4 dart slugs
  4 leopard geckos
  9 orcs
  3 bats
  A giant cockroach (D:1)
  5 goblins
  7 hobgoblins
  6 jackals (D:1)
  3 ball pythons
  3 frilled lizards
  9 kobolds
  11 rats
80 creatures vanquished.

Notes
Turn   | Place    | Note
-------+----------+-------------------------------------------
     0 | D:1      | Morbidden the Avariel Reaver began the quest for the Orb.
     0 | D:1      | Reached XP level 1. HP: 13/13 MP: 6/6
   135 | D:1      | Reached XP level 2. HP: 15/18 MP: 7/7
   433 | D:1      | Reached * piety under Vehumet
   433 | D:1      | Offered knowledge of Freeze by Vehumet.
   436 | D:1      | Learned a level 1 spell: Freeze
   723 | D:1      | Reached XP level 3. HP: 22/23 MP: 9/9
  1375 | D:2      | Reached XP level 4. HP: 28/28 MP: 7/10
  2117 | D:3      | Reached skill level 1 in Ice Magic
  2128 | D:3      | Reached ** piety under Vehumet
  2304 | D:3      | Reached XP level 5. HP: 28/32 MP: 7/13
  2331 | D:3      | Offered knowledge of Magic Dart by Vehumet.
  2334 | D:3      | Learned a level 1 spell: Magic Dart
  2371 | D:3      | Noticed Ijyb
  2417 | D:3      | Killed Ijyb
  2598 | D:3      | Found a sacrificial altar of Ru.
  2624 | D:3      | Reached skill level 1 in Conjurations
  2769 | D:3      | Found a shimmering blue altar of Sif Muna.
  2977 | D:4      | Reached XP level 6. HP: 13/37 MP: 8/14
  3324 | D:4      | Slain by an ogre

Skill      XL: |  1  2  3  4  5 |
---------------+----------------+-----
Fighting       | 3 |  3.5
Spellcasting   | 3 4 |  4.5
Long Blades    | 4 |  4.2
Ice Magic      | 1 2 |  2.5
Conjurations   | 1 |  1.4
Dodging        | |  3.8
Stealth        | |  0.3

Action                   |  1- 3 |  4- 6 || total
-------------------------+-------+-------++-------
Melee: Long sword        |   101 |    39 ||   140
       Unarmed           |       |    23 ||    23
 Cast: Freeze            |    18 |    94 ||   112
  Use: Potion            |       |     1 ||     1
 Stab: Sleeping          |     2 |       ||     2
  Eat: Chunk             |     2 |     6 ||     8
Armor: Steam dragon scal |    35 |    31 ||    66
       Skin              |       |     1 ||     1
Dodge: Dodged            |    99 |    81 ||   180
Block: Other             |       |     3 ||     3
